 Dungeon Crawl Stone Soup version 0.29.1-13-g9f3cf754e1 (webtiles) character file.

Game seed: 16812981622665007079

0 javelincjr the Magician (level 1, 0/15 HPs)
             Began as a Djinni Hedge Wizard on Feb 7, 2023.
             Slain by an adder (2 damage)
             ... on level 2 of the Dungeon.
             The game lasted 00:00:45 (106 turns).

javelincjr the Magician (Djinni Hedge Wizard)        Turns: 106, Time: 00:00:45

Health: 0/15       AC:  2    Str:  9    XL:     1   Next: 11%
Gold:   1          EV: 12    Int: 15    God:
                   SH:  0    Dex: 12

rFire   + + .      SeeInvis .   a - +0 dagger
rCold   x . .      Faith    .   (no shield)
rNeg    . . .      Spirit   .   b - +0 robe
rPois   ∞          Reflect  .   c - +0 hat
rElec   .          Harm     .   (no cloak)
rCorr   .          Rampage  .   (no gloves)
Will    .....                   (boots unavailable)
Stlth   ++........              (no amulet)
HPRegen 0.05/turn               (no ring)
MPRegen 0.00/turn               (no ring)

@: flying
A: sickness immunity, fire resistance 2, cold vulnerability 1, float, innate
caster, HP casting, extra vitality 1
a: no special abilities


You were on level 2 of the Dungeon.
You visited 1 branch of the dungeon, and saw 2 of its levels.

You collected 1 gold pieces.

Inventory:

Hand Weapons
 a - a +0 dagger (weapon)
 d - a +0 dagger
Missiles
 e - 2 stones
Armour
 b - a +0 robe (worn)
 c - a +0 hat (worn)


   Skills:
 + Level 2.2 Dodging
 + Level 1.5 Stealth
 + Level 2.4 Spellcasting


You couldn't memorise any spells.
You knew the following spells:

 Your Spells              Type           Power      Damage    Failure   Level
a - Magic Dart            Conj           36%        1d4       8%          1
b - Blink                 Tloc           18%        N/A       12%         2
c - Call Imp              Summ           9%         N/A       12%         2
d - Slow                  Hex            36%        N/A       8%          1
e - Conjure Flame         Conj/Fire      9%         6-21      24%         3
f - Mephitic Cloud        Conj/Pois/Air  9%         N/A       24%         3
Your spell library was empty.

Dungeon Overview and Level Annotations

Branches:
Dungeon (2/15)

Altars:


Innate Abilities, Weirdness & Mutations

You are immune to sickness and miasma.
You are immune to poison.
Your flesh is very heat resistant. (rF++)
You are vulnerable to cold. (rC-)
You float through the air rather than walking.
You learn spells naturally, not from books.
Your magical power is your life essence.
You have superior vitality. (+4 MHP)


Message History

HP restored.
Found a gold piece.
Found 3 scrolls labelled OGYR HOXETOY.
Found 10 gold pieces and a morningstar.
Found a stone staircase leading down.
Things that are here:
a +0 dagger; 2 stones
d - a +0 dagger;
e - 2 stones
Okay, then.
You now have 1 gold piece.
An adder comes into view.
Found 3 stones and a cyan potion.
The adder moves out of view.
A kobold comes into view. It is wielding a +0 short sword.
You see here a +0 morningstar.
The magic dart hits the adder.
The adder is lightly wounded.
The adder hisses angrily.
The magic dart hits the adder.
The adder is lightly wounded.
The kobold shouts!
The magic dart hits the kobold but does no damage.
The magic dart hits the adder but does no damage.
The adder is lightly wounded.
The magic dart hits the adder.
The adder is moderately wounded.
The adder barely misses you.
A giant cockroach comes into view.
The adder closely misses you.
The magic dart hits the adder.
The adder is heavily wounded.
The adder bites you.
You are too injured to fight recklessly!
Unknown command.
The adder closely misses you. The kobold attacks as you move away!
The kobold closely misses you. The adder bites you but does no damage.
The adder bites you.
* * * LOW HITPOINT WARNING * * *
You miss the adder.
The adder is heavily wounded.
The adder bites you.
You die...

....... #
....... .#
!.....(##.
.......B.
........#
######.##)#
###.........K#
#<##.#....##S###
#.##.#......@..#
#....#.........#
#####..........#
#.........######
#.........#
#.........#
.............
##$...........#
.....>.....?..#


You could see an adder, a giant cockroach and a kobold.

Vanquished Creatures
  A kobold (D:2)
1 creature vanquished.

Notes
Turn   | Place    | Note
-------+----------+-------------------------------------------
     0 | D:1      | javelincjr the Djinni Hedge Wizard began the quest for the
                  | Orb.
     0 | D:1      | javelincjr set off with the following spells memorised:
                  | Magic Dart, Blink, Call Imp, Slow, Conjure Flame, Mephitic
                  | Cloud.
     0 | D:1      | Reached XP level 1. HP: 15/15 MP: 0/0
     1 | D:1      | You are sucked into a shaft and drop 1 floor!
   106 | D:2      | Slain by an adder

Illustrated notes

Levels and vault maps discovered:
D:1:      minmay_arrival_three_doors, layout_loops_ring, minivault_24
D:2:      layout_basic, dk_noncrumbling_4, uniq_crazy_yiuf_cottage, uniq_natasha

Action                   || total
-------------------------++-------
Melee: Dagger            ||     1
 Cast: Magic Dart        ||    10
Armor: Robe              ||     1
Dodge: Dodged            ||     5
